AoeStats
← KR0N0S-

Arabia

510436217Analyzed
1v1 RM · 13h ago on Oct 1, 2026· 80m 3s· 2 players
Game mode
Random Map
Map size
Tiny (2 player)
Population
200
Speed
Normal
Resources
Standard
Victory
Conquest
Starting age
Dark Age
Ending age
Imperial Age
RankedLock teamsTeams togetherTeam positionsShared explorationLock speedFull tech treeHidden civsTurbo modeCheats
Victory
Defeat
🇨🇱 Varangians · Chile
908
+16
🇧🇷 Gurjaras · Brazil
903
-16
joaoperdona
0:28 Loom
10:31 Feudal Age
11:02 Double-Bit Axe
12:02 Gold Mining
13:43 Wheelbarrow
15:16 Horse Collar
19:44 Castle Age
18:20 Stone Mining
21:06 Bow Saw
21:07 Heavy Plow
22:52 Stone Shaft Mining
25:51 Gold Shaft Mining
26:12 Town Watch
31:02 Imperial Age
30:30 Kshatriyas
31:10 Town Patrol
31:39 Hand Cart
32:48 Crop Rotation
34:58 Chemistry
34:12 Elite Chakram Thrower
36:17 Forging
36:08 Scale Mail Armor
36:10 Padded Archer Armor
36:01 Fletching
39:36 Frontier Guards
44:32 Heavy Camel Rider
55:19 Leather Archer Armor
55:00 Bodkin Arrow
54:32 Elite Skirmisher
59:14 Bracer
59:50 Iron Casting
KR0N0S-
7:35 Loom
12:45 Feudal Age
13:17 Double-Bit Axe
13:20 Horse Collar
21:03 Castle Age
20:44 Forging
20:38 Scale Mail Armor
22:32 Heavy Plow
23:07 Gold Mining
25:13 Wheelbarrow
27:16 Hand Cart
27:55 Iron Casting
31:19 Scale Barding Armor
31:29 Chain Mail Armor
35:08 Imperial Age
33:37 Bow Saw
36:48 Two-Man Saw
36:19 Crop Rotation
36:39 Onager
42:26 Elite Jarl
44:24 Fletching
44:34 Padded Archer Armor
45:35 Blast Furnace
44:56 Chain Barding Armor
47:33 Ballistics
47:22 Bodkin Arrow
47:42 Leather Archer Armor
51:12 Bracer
52:47 Town Watch
54:10 Ring Archer Armor
53:37 Pikeman
54:17 Squires
54:35 Halberdier
54:46 Halberdier
62:28 Light Cavalry
63:18 Bloodlines
63:50 Hussar
Connection lost

Rejoining the realm…

Still unreachable

The connection could not be restored.

Session expired

The server has moved on; the page needs a fresh start.